 Dungeon Crawl Stone Soup version 0.27.1-2-g3b301248ec (webtiles) character file.

Game seed: 1875299005668619298

1311 Borgoz the Skirmisher (level 8, -2/52 HPs)
             Began as a Gargoyle Berserker on Sept 26, 2021.
             Was an Elder of Trog.
             Slain by a wyvern zombie (9 damage)
             ... on level 6 of the Dungeon.
             The game lasted 00:05:34 (6972 turns).

Borgoz the Skirmisher (Gargoyle Berserker)          Turns: 6972, Time: 00:05:35

Health: -2/52      AC: 16    Str: 21    XL:     8   Next: 58%
Magic:  8/8        EV:  9    Int:  8    God:    Trog [****..]
Gold:   217        SH:  0    Dex: 11    Spells: 7/7 levels left

rFire    + . .     SeeInvis .   a - +0 mace
rCold    . . .     Faith    +   (no shield)
rNeg     + . .     Spirit   .   m - +0 chain mail
rPois    ∞         Reflect  .   v - +0 helmet
rElec    +         Harm     .   (no cloak)
rCorr    .         Rampage  .   (no gloves)
Will     ++...                  (no boots)
Stlth    ..........             s - amulet of faith
HPRegen  1.17/turn              i - ring of protection from fire
MPRegen  0.11/turn              (no ring)

@: strong-willed, on berserk cooldown, regenerating, slowed, very slow
A: sickness immunity, AC +5, negative energy resistance 1, electricity
resistance, torment resistance 1, petrification resistance
a: Renounce Religion, Berserk, Trog's Hand, Brothers in Arms


You were on level 6 of the Dungeon.
You worshipped Trog.
Trog was greatly pleased with you.
You visited 1 branch of the dungeon, and saw 6 of its levels.

You collected 261 gold pieces.
You spent 44 gold pieces at shops.

Inventory:

Hand Weapons
 a - a +0 mace (weapon)
Armour
 m - a +0 chain mail (worn)
 v - a +0 helmet (worn)
Jewellery
 i - a ring of protection from fire (left hand)
 s - an amulet of faith (around neck)
Scrolls
 c - 8 scrolls of identify {unknown}
 e - 2 scrolls of noise {unknown}
 f - 2 scrolls of enchant armour {unknown}
 h - a scroll of blinking {unknown}
 q - a scroll of summoning {unknown}
 t - 2 scrolls of teleportation {unknown}
Potions
 b - 2 potions of resistance
 d - 2 potions of mutation {unknown}
 g - 6 potions of curing {unknown}
 j - 3 potions of might
 k - 3 potions of heal wounds {unknown}
 l - a potion of invisibility {unknown}
 n - a potion of berserk rage {unknown}
 o - 3 potions of haste {unknown}
 p - a potion of flight {unknown}
 r - a potion of lignification {unknown}
 u - a potion of magic {unknown}


   Skills:
 + Level 6.4 Fighting
 + Level 5.9 Maces & Flails
 + Level 5.8 Armour
 + Level 4.4 Dodging


You had 7 spell levels left.
You didn't know any spells.
Your spell library was empty.

Dungeon Overview and Level Annotations

Branches:
Dungeon (6/15)             Temple (0/1) D:5

Altars:
Cheibriados

Shops:
D:3 !

Annotations:
D:6 Edmund, Eustachio


Innate Abilities, Weirdness & Mutations

You are immune to sickness and miasma.
Your stone body is resilient. (AC +5)
You are immune to poison.
You resist negative energy. (rN+)
You are resistant to electric shocks. (rElec)
You are resistant to unholy torment.
You are immune to petrification.


Message History

The ufetubus barely misses you. x2; The wyvern zombie closely misses you.
A gnoll comes into view. It is wielding a +0 spear.
The ufetubus barely misses you. The ufetubus hits you.
The gnoll hits you but does no damage. Eustachio hits you but does no damage.
The necrophage barely misses you.
The wyvern zombie bites you but does no damage.
The crimson imp barely misses you.
The shadow imp hits you but does no damage.
A gnoll shaman comes into view. It is wielding a +0 whip.
The ufetubus closely misses you.
The ufetubus hits you but does no damage.
You barely miss Eustachio.
Eustachio is severely wounded.
The wyvern zombie bites you!
* * * LOW HITPOINT WARNING * * *
Eustachio hits you but does no damage. The gnoll hits you but does no damage.
The necrophage hits you but does no damage.
The ufetubus misses you. The ufetubus closely misses you.
A gnoll comes into view. It is wielding a +0 spear.
The crimson imp blinks!
The shadow imp barely misses you.
The wyvern zombie bites you but does no damage.
Edmund says, "I might not be good at magic, but I can still kill you!"
Edmund hits you with a +1 dire flail of draining.
* * * LOW HITPOINT WARNING * * *
The gnoll shaman calls upon its god to speed up the gnoll.
The gnoll seems to speed up.
Eustachio closely misses you. The gnoll hits you but does no damage.
The necrophage hits you but does no damage.
The ufetubus hits you but does no damage. x2
The shadow imp closely misses you. The wyvern zombie closely misses you.
You hit Eustachio but do no damage.
Eustachio is severely wounded.
The ufetubus hits you.
* * * LOW HITPOINT WARNING * * *
The ufetubus barely misses you.
Edmund hits you with a +1 dire flail of draining.
* * * LOW HITPOINT WARNING * * *
The gnoll hits you but does no damage. Eustachio closely misses you.
The wyvern zombie bites you!
You die...

..................#####
.......................
(#...........g.....#
..............g....#
.#.....<....g......#
.#............W.../##
.#............g.....#
.^.........<...@Z.#......
.....#.....#...n@5#......
#....#######...5.@.......
...........5.............
.......##..#......#......
.......# #.#......#.#..#.
.#(..### .............)
.#...# ####.###.? ##..
.#.#.## #. ... ......##


You could see Edmund, Eustachio, a phantom, a necrophage, a gnoll shaman, 3
gnolls, a crimson imp (summoned), a shadow imp (summoned), an ufetubus
(summoned) and a wyvern zombie.

Vanquished Creatures
  A steam dragon (D:6)
  A sky beast (D:6)
  An ogre (D:5)
  2 black bears
  A necrophage (D:6)
  2 phantoms (D:5)
  A scorpion (D:4)
  A wyvern skeleton (D:5)
  A centaur zombie (D:6)
  2 jellies
  A scorpion zombie (D:5)
  Natasha (thrice) (D:2)
  An orc wizard (D:3)
  A hound skeleton (D:4)
  3 gnolls (D:2)
  7 adders
  2 howler monkey skeletons (D:5)
  An ufetubus (D:5)
  An adder skeleton (D:5)
  4 worms
  4 dart slugs
  10 orcs
  9 ball pythons
  10 endoplasms
  10 giant cockroaches
  10 goblins
  6 hobgoblins
  5 jackals
  5 quokkas
  4 bats
  4 frilled lizards
  13 kobolds
  9 rats
136 creatures vanquished.

Notes
Turn   | Place    | Note
-------+----------+-------------------------------------------
     0 | D:1      | Borgoz the Gargoyle Berserker began the quest for the Orb.
     0 | D:1      | Reached XP level 1. HP: 14/14 MP: 1/1
   212 | D:1      | Reached XP level 2. HP: 19/19 MP: 2/2
   673 | D:1      | Reached XP level 3. HP: 23/23 MP: 3/3
  1193 | D:1      | Reached ** piety under Trog
  1954 | D:2      | Reached XP level 4. HP: 11/29 MP: 4/4
  2090 | D:2      | Noticed Natasha
  2095 | D:2      | Killed Natasha
  2096 | D:2      | Reached skill level 4 in Fighting
  2412 | D:2      | Found a faded altar of an unknown god.
  2490 | D:2      | Noticed Natasha
  2500 | D:2      | Reached XP level 5. HP: 32/33 MP: 5/5
  2514 | D:2      | Killed Natasha
  2978 | D:2      | Noticed Natasha
  2985 | D:2      | Killed Natasha
  3563 | D:3      | Reached XP level 6. HP: 9/39 MP: 6/6
  3939 | D:3      | Reached *** piety under Trog
  4468 | D:3      | Found Wituuclo's Distillery.
  4477 | D:3      | Bought a potion of might for 44 gold pieces
  4853 | D:4      | Noticed a black bear
  4858 | D:4      | Killed a black bear
  4859 | D:4      | Reached skill level 5 in Fighting
  4859 | D:4      | Reached XP level 7. HP: 44/44 MP: 7/7
  5512 | D:5      | Entered Level 5 of the Dungeon
  5751 | D:5      | Found a staircase to the Ecumenical Temple.
  5781 | D:5      | Reached skill level 5 in Maces & Flails
  6061 | D:5      | Reached skill level 5 in Armour
  6299 | D:5      | Reached **** piety under Trog
  6300 | D:5      | Reached XP level 8. HP: 51/51 MP: 8/8
  6386 | D:5      | Found a snail-covered altar of Cheibriados.
  6770 | D:6      | Reached skill level 6 in Fighting
  6945 | D:6      | Noticed Eustachio
  6967 | D:6      | Noticed Edmund
  6972 | D:6      | Slain by a wyvern zombie

Illustrated notes

Levels and vault maps discovered:
D:1:      erik_arrival_triangle_huge, layout_basic, st_stairs_11
D:2:      layout_basic, shapermc_ecumenical_altar_notcrosses,
          minmay_pentomino_pile, uniq_natasha
D:3:      layout_loops_ring, serial_shops, shop
D:4:      layout_loops_ring
D:5:      layout_loops_ring, mainiacjoe_overflow_six_doors_small,
          minmay_temple_entry_wispy
D:6:      layout_rooms, mainiacjoe_overflow_surrounded_room, uniq_eustachio,
          uniq_edmund, uniq_crazy_yiuf_cottage

Skill      XL: |  1  2  3  4  5  6  7  8 |
---------------+-------------------------+-----
Dodging        | 2 3 4 |  4.4
Armour         | 3 4 5 |  5.8
Fighting       | 4 5 6 |  6.4
Maces & Flails | 4 5 |  5.9

Action                   |  1- 3 |  4- 6 |  7- 9 || total
-------------------------+-------+-------+-------++-------
Melee: Mace              |    94 |   277 |   185 ||   556
Invok: Berserk           |     1 |     4 |     3 ||     8
       Trog's Hand       |       |     3 |     1 ||     4
 Stab: Sleeping          |     1 |     1 |       ||     2
Armor: Animal skin       |    38 |    54 |       ||    92
       Chain mail        |       |    95 |   140 ||   235
Dodge: Dodged            |    63 |   157 |    87 ||   307
